 Dungeon Crawl Stone Soup version 0.16-a0-4113-g7d8e295 (console) character file.

5635 Monkaria the Grappler (level 10, 0/104 HPs)
             Began as a Troll Chaos Knight on Mar 1, 2015.
             Succumbed to a killer bee's poison
             ... on level 8 of the Dungeon.
             The game lasted 00:28:27 (7275 turns).

Monkaria the Grappler (Troll Chaos Knight)          Turns: 7275, Time: 00:28:28

Health: 0/104      AC:  0    Str: 16    XL:     10   Next: 46%
Magic:  4/4        EV: 19    Int:  8    God:    Xom [*.....]
Gold:   474        SH:  0    Dex: 16    Spells: 0 memorised, 9 levels left

rFire  . . .     SeeInvis .       - Unarmed
rCold  . . .     Clarity  +     R - melded +2 robe {rN+}
rNeg   . . .     SustAb   .     (shield currently unavailable)
rPois  .         Gourm    +     P - melded +1 hat {MR+}
rElec  .         Spirit   .     g - melded +0 cloak
rCorr  .         Warding  .     (gloves unavailable)
rMut   +         Stasis   .     (boots unavailable)
MR     .....                    z - amulet of resist mutation
Stlth  +.........               C - melded ring of protection from fire
                                A - melded ring of protection from magic

@: lethally poisoned (0 -> -2), bat-form, flying, very quick, not resistant to
hostile enchantments, very unstealthy
A: unfitting armour, (beak), (claws 0), (hooves 0), (iridescent scales 0),
blurry vision 1, clarity, (cold resistance 0), fast metabolism 3, gourmand,
regeneration 2, (shaggy fur 0), spit poison 1, (tough skin 0), weak 1
a: Spit Poison, Renounce Religion


You were on level 8 of the Dungeon.
You worshipped Xom.
You were a special plaything of Xom.
You were very full.
You were in bat-form.
You visited 1 branch of the dungeon, and saw 9 of its levels.
You also visited: Sewer.

You collected 474 gold pieces.

Inventory:

Hand weapons
 r - a +2 quarterstaff of chaos
 M - a +0 flail of holy wrath
Missiles
 y - 3 curare-tipped needles
Armour
 g - a +0 cloak (melded)
 P - a +1 hat of magic resistance (melded)
 R - a +2 robe of positive energy (melded)
Magical staves
 w - an uncursed staff of cold
Jewellery
 e - an uncursed ring of stealth
 s - an uncursed amulet of clarity
 z - an amulet of resist mutation (around neck)
 A - a ring of protection from magic (melded)
 C - a ring of protection from fire (melded)
Magical devices
 D - a wand of fire (12)
 H - a wand of frost (25)
 L - a wand of disintegration (19)
 O - a wand of enslavement (15)
Scrolls
 c - 6 scrolls of remove curse
 m - 2 scrolls of noise
 o - 2 scrolls of blinking
 q - a scroll of random uselessness
 t - 5 scrolls of teleportation
 F - a scroll of recharging
 N - a scroll of magic mapping
 S - a scroll of summoning {unknown}
Potions
 h - 3 potions of ambrosia
 j - 3 potions of curing
 k - 3 potions of haste
 l - 2 potions of might
 p - 3 potions of agility
 u - a potion of brilliance
 v - 2 potions of flight
 G - 3 potions of magic
 I - a potion of heal wounds
 J - 3 potions of degeneration {unknown}
Books
 E - a book of Control

   Spells                             Type                      Level
   a - Control Teleport               Charms/Translocation         4
   b - Control Undead                 Necromancy                   4
   c - Enslavement                    Hexes                        4
   d - Metabolic Englaciation         Hexes/Ice                    5
   e - Mass Confusion                 Hexes                        6
Miscellaneous
 x - an ornate deck of summoning {drawn: 2}
Comestibles
 a - 5 meat rations
 d - 4 beef jerkies
 f - 8 slices of pizza
 i - a royal jelly
 n - 7 bread rations
 Q - 2 chunks of flesh


   Skills:
 - Level 8.0 Fighting
 + Level 3.0 Armour
 - Level 2.1 Dodging
 - Level 12.3 Unarmed Combat


You had 9 spell levels left.
You didn't know any spells.

Dungeon Overview and Level Annotations

Branches:
Dungeon (9/15)             Temple (0/1) D:4            Lair (0/8) D:8
    Orc: D:9-12

Altars:
Ashenzari
Fedhas
Gozag
Makhleb
Nemelex Xobeh
Ru
Sif Muna
Xom
Yredelemnul

Shops:
D:4 }


Innate Abilities, Weirdness & Mutations

You are too large for most types of armour.
((You have claws for hands.))
Your metabolism is lightning-fast.
You like to eat raw meat.
You heal very quickly.
((You are covered in fur (AC +1).))
((You have very tough skin (AC +2).))
((You have a beak for a mouth.))
((You have large cloven feet.))
((You are partially covered in iridescent scales (AC +4).))
Scrolls take you a little longer to read.
You possess an exceptional clarity of mind.
((Your flesh is cold resistant.))
You can spit poison.
You are weak. (Str -2)


Message History

Okay, then.
You feel sick.
There is an escape hatch in the floor here.
You feel sick. The killer bee barely misses you.
You feel sick.
You feel sick. The killer bee completely misses you.
You feel sick.
You feel sick.
You feel sick. The killer bee closely misses you.
You feel sick.
You feel sick. The killer bee closely misses you.
You feel sick. The killer bee stings you!
* * * LOW HITPOINT WARNING * * *
Xom thinks this is hilarious!
You are more poisoned.
The killer bee poisons you!
You die...
Xom snickers!

##############
#########.....y.b....#
.......##.##########.##
######.##.#########...####
#.##...........#....#
######.##.#########...##.#
.....[....# ##.###.#
######.##.## #.# #.#
#.#...#########># #.#
#...........(>..# #.#


You could see a killer bee.

Vanquished Creatures
  Gastronok (D:8)
  The ghost of Antondotnet the Firebug, an experienced DgFE (D:7)
  2 yaks
  A hog (D:7)
  A human (D:7)
  2 hippogriffs
  A deep elf fighter (D:8)
  Edmund (D:4)
  A steam dragon (D:8)
  2 orc warriors
  A water moccasin (D:5)
  A sky beast (D:8)
  A phantom (D:3)
  3 crocodiles
  2 centaurs
  4 ogres
  Blork the orc (D:8)
  6 giant frogs
  A scorpion (D:6)
  A killer bee (D:9)
  A goliath beetle (D:6)
  The ghost of Antondotnet the Magician, a weakling DEWz of Gozag (D:3)
  A centaur zombie (D:8)
  A lava snake (D:7)
  4 crimson imps
  4 worker ants
  2 giant frog zombies (D:7)
  3 orc wizards
  Crazy Yiuf (D:2)
  A giant frog skeleton (D:7)
  2 jellies (D:7)
  2 orc priests
  Natasha (thrice) (D:6)
  2 iguanas (D:8)
  2 sheep (D:7)
  Jessica (D:2)
  3 river rats
  A worker ant zombie (D:5)
  4 gnolls (D:2)
  5 adders
  2 giant mites (D:4)
  4 worms
  2 adder skeletons (D:7)
  4 giant geckos
  3 oozes
  19 orcs
  23 bats
  A bat skeleton (D:4)
  A bat zombie (D:7)
  11 giant cockroaches
  9 goblins
  16 hobgoblins
  11 jackals
  A quokka (D:3)
  3 ball pythons
  5 giant newts
  15 kobolds
  25 rats
  4 ballistomycetes (D:8)
237 creatures vanquished.

Vanquished Creatures (collateral kills)
  The ghost of hornqvist the Covert, an average OpAs (D:4)
  2 worker ants
  An orc (D:8)
  A bat (D:7)
  A quokka (D:7)
6 creatures vanquished.

Vanquished Creatures (others)
  A human (D:6)
  A white imp (D:7)
  An ufetubus (D:7)
  A giant spore (D:8)
  A butterfly (D:3)
  A fungus (D:8)
6 creatures vanquished.

Grand Total: 249 creatures vanquished

Notes
Turn   | Place    | Note
--------------------------------------------------------------
     0 | D:1      | Monkaria, the Troll Chaos Knight, began the quest for the Orb.
     0 | D:1      | Reached XP level 1. HP: 22/22 MP: 1/1
    28 | D:1      | XOM: potion effect (agility)
   175 | D:1      | Reached XP level 2. HP: 23/29 MP: 1/1
   314 | D:1      | XOM: divination: detect items
   682 | D:1      | Reached XP level 3. HP: 37/37 MP: 2/2
   801 | D:2      | Reached skill level 1 in Dodging
   929 | D:2      | XOM: silly message
   964 | D:2      | Noticed Jessica
   967 | D:2      | Killed Jessica
   967 | D:2      | Reached XP level 4. HP: 45/45 MP: 2/2
   980 | D:2      | XOM is BORED!
   980 | D:2      | XOM: 2-stop teleportation journey
  1021 | D:2      | XOM: harmless Pois miscast
  1261 | D:2      | Noticed Crazy Yiuf
  1266 | D:2      | XOM: divination: detect creatures
  1282 | D:2      | Killed Crazy Yiuf
  1357 | D:2      | Reached skill level 4 in Unarmed Combat
  1360 | D:2      | XOM: confusion
  1364 | D:2      | Reached XP level 5. HP: 32/53 MP: 2/2
  1415 | D:2      | XOM: colour smoke trail
  1574 | D:2      | Found a blossoming altar of Fedhas.
  1581 | D:2      | Found a deep blue altar of Sif Muna.
  1584 | D:2      | Found a shattered altar of Ashenzari.
  1687 | D:2      | Found a burning altar of Makhleb.
  1857 | D:3      | XOM: give mutations
  1857 | D:3      | Gained mutation: You are weak. (Str -2) [Xom's mischief]
  1857 | D:3      | Gained mutation: You are very weak. (Str -4) [Xom's mischief]
  1857 | D:3      | Gained mutation: Armour fits poorly on your strangely shaped body. [Xom's mischief]
  1857 | D:3      | Lost mutation: Armour fits poorly on your strangely shaped body. [Xom's mischief]
  1930 | D:3      | Noticed a phantom
  1930 | D:3      | XOM: chaos cloud
  1932 | D:3      | XOM: mild Conj miscast
  1935 | D:3      | XOM: 5-stop teleportation journey
  1943 | D:3      | XOM: confusion
  1946 | D:3      | XOM: mild Necr miscast
  1951 | D:3      | XOM: chaos cloud
  1952 | D:3      | Paralysed by you for 2 turns
  1964 | D:3      | Killed a phantom
  1964 | D:3      | Reached skill level 5 in Unarmed Combat
  1996 | D:3      | Found a sacrificial altar of Ru.
  2005 | D:3      | XOM: colour smoke trail
  2095 | D:3      | XOM: chaos upgrade
  2095 | D:3      | XOM: butterfly on damage
  2102 | D:3      | XOM: severe Erth miscast
  2108 | D:3      | XOM: 2-stop teleportation journey
  2109 | D:3      | Noticed Antondotnet's ghost (weakling DEWz)
  2121 | D:3      | Killed Antondotnet's ghost
  2121 | D:3      | Reached XP level 6. HP: 29/61 MP: 3/3
  2151 | D:3      | XOM: scenery: create altars
  2595 | D:3      | Reached skill level 6 in Unarmed Combat
  2615 | D:4      | Noticed hornqvist's ghost (average OpAs)
  2615 | D:4      | XOM: god gift: twisted runed staff {god gift}
  2616 | D:4      | XOM: 4-stop teleportation journey
  2654 | D:4      | Found a glowing drain.
  2692 | Sewer    | Entered a sewer
  2765 | Sewer    | XOM: vitrification
  2801 | Sewer    | XOM: potion effect (haste)
  2907 | D:4      | Found Wod Ubum's Gadget Emporium.
  2942 | D:4      | XOM: 3-stop teleportation journey
  2986 | D:4      | Noticed Edmund
  3002 | D:4      | Killed Edmund
  3002 | D:4      | Reached skill level 7 in Unarmed Combat
  3002 | D:4      | Reached XP level 7. HP: 41/67 MP: 3/3
  3009 | D:4      | Gained mutation: You can spit poison. [potion of mutation]
  3009 | D:4      | Gained mutation: You possess an exceptional clarity of mind. [potion of mutation]
  3009 | D:4      | Gained mutation: Your flesh is cold resistant. [potion of mutation]
  3010 | D:4      | Lost mutation: You are very weak. (Str -4) [potion of mutation]
  3010 | D:4      | Gained mutation: You are partially covered in iridescent scales (AC +4). [potion of mutation]
  3072 | D:4      | Killed hornqvist's ghost
  3393 | D:4      | Found a staircase to the Ecumenical Temple.
  3656 | D:4      | Found a sparkling altar of Nemelex Xobeh.
  3671 | D:5      | Entered Level 5 of the Dungeon
  3715 | D:5      | XOM: swap monsters
  3730 | D:5      | XOM: confuse monster(s)
  3736 | D:5      | Reached skill level 8 in Unarmed Combat
  3853 | D:5      | Gained mutation: You have a beak for a mouth. [potion of mutation]
  3853 | D:5      | Gained mutation: You have large cloven feet. [potion of mutation]
  3994 | D:5      | Found an opulent altar of Gozag.
  4330 | D:6      | Reached skill level 9 in Unarmed Combat
  4330 | D:6      | Reached XP level 8. HP: 75/75 MP: 3/3
  4442 | D:6      | XOM: vitrification
  4444 | D:6      | XOM: polymorph black bear -> human
  4447 | D:6      | XOM: divine lightning (protected)
  4568 | D:6      | Reached skill level 10 in Unarmed Combat
  4583 | D:6      | Noticed Natasha
  4593 | D:6      | Killed Natasha
  4714 | D:6      | XOM: swap monsters
  4911 | D:6      | XOM: give mutation
  4911 | D:6      | Gained mutation: You are resistant to hostile enchantments. [Xom's grace]
  4959 | D:6      | Noticed Natasha
  4968 | D:6      | Killed Natasha
  5215 | D:6      | Noticed Natasha
  5220 | D:6      | Killed Natasha
  5472 | D:6      | Reached skill level 11 in Unarmed Combat
  5537 | D:7      | XOM: summons friendly white imp
  5701 | D:7      | Reached XP level 9. HP: 41/81 MP: 4/4
  5900 | D:7      | Noticed Antondotnet's ghost (experienced DgFE)
  5904 | D:7      | XOM: summons 6 friendly demons
  5919 | D:7      | Killed Antondotnet's ghost
  5919 | D:7      | Reached skill level 12 in Unarmed Combat
  6040 | D:7      | Found a basalt altar of Yredelemnul.
  6293 | D:8      | XOM: summons friendly crimson imp
  6445 | D:8      | Reached skill level 5 in Fighting
  6445 | D:8      | XOM: medium Pois miscast
  6502 | D:8      | Lost mutation: You are resistant to hostile enchantments. [mutagenic meat]
  6503 | D:8      | Gained mutation: Scrolls take you a little longer to read. [mutagenic meat]
  6595 | D:8      | Noticed Gastronok
  6606 | D:8      | XOM: fog
  6613 | D:8      | XOM: summons friendly crimson imp
  6621 | D:8      | Killed Gastronok
  6621 | D:8      | Reached XP level 10. HP: 70/102 MP: 4/4
  6778 | D:8      | XOM: confuse monster(s)
  6821 | D:8      | Noticed Blork the orc
  6833 | D:8      | Killed Blork the orc
  6925 | D:8      | Found a staircase to the Lair.
  7047 | D:8      | XOM: medium Chrm miscast
  7180 | D:9      | XOM: summons 4 friendly demons
  7228 | D:9      | XOM: blink monster(s)
  7235 | D:9      | XOM: severe Trmt miscast
  7274 | D:8      | HP: 1/104 [killer bee (7)]
  7275 | D:8      | Succumbed to a killer bee's poison

Action                   |  1- 3 |  4- 6 |  7- 9 | 10-12 || total
-------------------------+-------+-------+-------+-------++-------
Melee: Unarmed           |    96 |   182 |   320 |   121 ||   719
       Staff             |       |       |     8 |       ||     8
       Quarterstaff      |       |       |     5 |       ||     5
 Abil: Spit Poison       |       |       |     1 |     1 ||     2
Evoke: Deck              |       |       |     2 |       ||     2
  Use: Potion            |       |     2 |     3 |       ||     5
       Scroll            |       |    10 |     4 |     6 ||    20
 Stab: Invisible         |       |     1 |       |       ||     1
       Sleeping          |       |     1 |       |       ||     1
       Distracted        |       |       |     2 |       ||     2
       Confused          |       |       |       |     1 ||     1
  Eat: Chunk             |    10 |    24 |    35 |     6 ||    75
